 Dungeon Crawl Stone Soup version 0.22.1-2-g9c5b331383 (webtiles) character file.

2585 Knorr the Cleaver (level 9, 0/75 HPs)
             Began as a Minotaur Fighter on Dec 31, 2018.
             Was a Priest of Trog.
             Slain by a water moccasin (5 damage)
             ... on level 7 of the Dungeon.
             The game lasted 00:38:04 (7284 turns).

Knorr the Cleaver (Minotaur Fighter)                Turns: 7284, Time: 00:38:04

Health: 0/75       AC: 13    Str: 29    XL:     9   Next: 32%
Magic:  8/8        EV:  7    Int:  5    God:    Trog [***...]
Gold:   215        SH: 12    Dex: 12    Spells: 8/8 levels left

rFire    . . .     SeeInvis +   a - +0 war axe
rCold    . . .     Gourm    .   c - +0 shield
rNeg     . . .     Faith    .   h - +0 plate armour
rPois    .         Spirit   .   (helmet unavailable)
rElec    .         Reflect  .   (no cloak)
rCorr    .         Harm     .   (no gloves)
MR       +....                  (no boots)
Stlth    ..........             (no amulet)
HPRegen  0.22/turn              v - ring of see invisible
MPRegen  0.11/turn              r - ring of protection from magic

@: mighty, berserk cooldown, slowed, very slow
A: retaliatory headbutt, horns 3, agile 1
a: Berserk, Trog's Hand, Renounce Religion


You were on level 7 of the Dungeon.
You worshipped Trog.
Trog was most pleased with you.
You were not hungry.

You visited 1 branch of the dungeon, and saw 7 of its levels.

You collected 364 gold pieces.
You spent 149 gold pieces at shops.

Inventory:

Hand Weapons
 a - a +0 war axe (weapon)
 g - a +2 halberd
 k - a +3 short sword
Missiles
 e - 142 stones
 m - 3 javelins
 w - 8 steel tomahawks (quivered)
Armour
 b - a +1 scale mail
 c - a +0 shield (worn)
 h - a +0 plate armour (worn)
 s - a +0 chain mail of fire resistance
Jewellery
 r - a ring of protection from magic (right hand)
 v - a ring of see invisible (left hand)
Wands
 n - a wand of random effects (15)
 p - a wand of flame (30)
Scrolls
 j - 7 scrolls of teleportation
 q - a scroll of fog
 t - a scroll of identify
 y - a scroll of silence {unknown}
Potions
 l - a potion of mutation
 o - 2 potions of curing
 u - 3 potions of heal wounds
 x - a potion of cancellation
Comestibles
 f - 9 rations


   Skills:
 + Level 6.2 Fighting
 + Level 9.1 Axes
 + Level 8.2 Armour
 + Level 2.5 Dodging
 + Level 1.9 Stealth
 + Level 8.4 Shields


You had 8 spell levels left.
You didn't know any spells.
Your spell library was empty.

Dungeon Overview and Level Annotations

Branches:
Dungeon (7/15)             Temple (0/1) D:6

Altars:
Cheibriados
Dithmenos
Fedhas
Gozag
Kikubaaqudgha
Nemelex Xobeh
Okawaru
Qazlal
Trog
Yredelemnul

Shops:
D:4 *

Annotations:
D:7 Cykl0x's ghost, novice GrFi


Innate Abilities, Weirdness & Mutations

You reflexively headbutt those who attack you in melee.
You have a pair of large horns on your head.
You are agile. (Dex +2)


Message History

You hit the white imp. The white imp gestures at you.
The puff of frost hits you! Cykl0x's ghost hits you!
* * * LOW HITPOINT WARNING * * *
You block the white imp's attack. Cykl0x's ghost hits you.
* * * LOW HITPOINT WARNING * * *
As you read the scroll of teleportation, it crumbles to dust.
You feel strangely unstable. Cykl0x's ghost barely misses you.
The white imp hits you but does no damage.
You closely miss Cykl0x's ghost. Your headbutt misses Cykl0x's ghost.
Cykl0x's ghost is severely damaged.
You closely miss the white imp.
Your surroundings suddenly seem different.
A water moccasin comes into view.
The water moccasin hisses angrily.
You block the water moccasin's attack.
The water moccasin bites you but does no damage.
You block the water moccasin's attack. The water moccasin bites you.
You die...

.. .. .# . #. .# . #.
###.## # #.#.##....#
[### #.#.......#
####...####... .....#
#...(......##.##....#
.........#.....S@...#
.........#####.#....#
.........# #.#....#
.........# #......#
#........# ##.....#
##.......# #.....#
.#.......# #.#..##
.#.......# #.#.##
.'.......#


You could see a water moccasin.

Vanquished Creatures
  Prince Ribbit (D:5)
  Eustachio (D:6)
  4 ice beasts
  A sky beast (D:6)
  3 orc warriors
  A phantom (D:7)
  2 ogres
  A centaur (D:5)
  Blork the orc (D:6)
  2 gnoll sergeants
  2 bullfrogs (D:7)
  A wight (D:6)
  A howler monkey (D:4)
  2 crimson imps
  A jelly (D:6)
  2 hounds
  An orc priest (D:4)
  A gnoll shaman (D:7)
  6 orc wizards
  3 worker ants
  A hound zombie (D:6)
  11 gnolls
  4 adders
  A hound simulacrum (D:7)
  A shadow imp (D:6)
  A white imp (D:7)
  An ooze (D:1)
  7 worms
  A dart slug (D:1)
  A leopard gecko (D:5)
  29 orcs
  A bat (D:3)
  5 giant cockroaches
  7 hobgoblins
  9 jackals
  4 quokkas
  3 frilled lizards
  12 goblins
  A jackal skeleton (D:4)
  2 kobolds
  A leopard gecko skeleton (D:4)
  6 rats
146 creatures vanquished.

Notes
Turn   | Place    | Note
-------+----------+-------------------------------------------
     0 | D:1      | Knorr the Minotaur Fighter began the quest for the Orb.
     0 | D:1      | Reached XP level 1. HP: 19/19 MP: 0/0
   114 | D:1      | Reached XP level 2. HP: 27/27 MP: 1/1
   739 | D:2      | Reached skill level 3 in Axes
   744 | D:2      | Reached XP level 3. HP: 24/33 MP: 2/2
   866 | D:2      | Found an ancient bone altar of Kikubaaqudgha.
   867 | D:2      | Found a blossoming altar of Fedhas.
  1038 | D:2      | Reached XP level 4. HP: 25/40 MP: 3/3
  1181 | D:2      | Noticed a moth of wrath
  1185 | D:2      | Found a bloodstained altar of Trog.
  1338 | D:2      | Became a worshipper of Trog the Wrathful
  1464 | D:2      | Found an iron altar of Okawaru.
  1598 | D:3      | Reached skill level 4 in Axes
  1856 | D:3      | Found a snail-covered altar of Cheibriados.
  1858 | D:3      | Found a basalt altar of Yredelemnul.
  2017 | D:3      | Reached XP level 5. HP: 28/47 MP: 4/4
  2697 | D:4      | Reached * piety under Trog
  2901 | D:4      | Found an opulent altar of Gozag.
  3045 | D:4      | Noticed an ogre
  3051 | D:4      | Killed an ogre
  3051 | D:4      | Reached skill level 5 in Axes
  3051 | D:4      | Reached skill level 5 in Armour
  3051 | D:4      | Reached skill level 1 in Dodging
  3051 | D:4      | Reached skill level 5 in Shields
  3051 | D:4      | Reached XP level 6. HP: 32/55 MP: 5/5
  3536 | D:4      | Found a sparkling altar of Nemelex Xobeh.
  3574 | D:4      | Found a stormy altar of Qazlal.
  3722 | D:4      | Found a shadowy altar of Dithmenos.
  3830 | D:4      | Found Jaugoru's General Store.
  3834 | D:4      | Bought a +0 chain mail of fire resistance for 149 gold
                  | pieces
  4197 | D:5      | Entered Level 5 of the Dungeon
  4197 | D:5      | Noticed Prince Ribbit
  4209 | D:5      | Killed Prince Ribbit
  4209 | D:5      | Reached skill level 5 in Fighting
  4209 | D:5      | Reached skill level 6 in Axes
  4209 | D:5      | Reached XP level 7. HP: 32/61 MP: 6/6
  4632 | D:5      | Gained mutation: You are agile. (Dex +2) [potion of
                  | mutation]
  4632 | D:5      | Gained mutation: You have a pair of large horns on your
                  | head. [potion of mutation]
  4673 | D:5      | Reached skill level 1 in Stealth
  4899 | D:5      | Reached XP level 8. HP: 64/68 MP: 7/7
  5602 | D:6      | Found a staircase to the Ecumenical Temple.
  5651 | D:6      | Noticed Blork the orc
  5653 | D:6      | Noticed Eustachio
  5661 | D:6      | Reached skill level 7 in Axes
  5665 | D:6      | Killed Blork the orc
  5665 | D:6      | Reached ** piety under Trog
  5683 | D:6      | HP: 3/69 [Eustachio/enchanted rapier (2)]
  5698 | D:6      | Killed Eustachio
  6435 | D:6      | Reached skill level 8 in Axes
  6652 | D:7      | Noticed Cykl0x's ghost (novice GrFi)
  6857 | D:7      | Reached XP level 9. HP: 61/75 MP: 8/8
  7232 | D:7      | Found a runed gate.
  7232 | D:7      | Found a runed gate.
  7232 | D:7      | Found a runed gate.
  7263 | D:7      | Reached *** piety under Trog
  7263 | D:7      | Reached skill level 9 in Axes
  7284 | D:7      | Slain by a water moccasin

Skill      XL: |  1  2  3  4  5  6  7  8  9 |
---------------+----------------------------+-----
Armour         | 4 5 6 7 8 |  8.2
Shields        | 4 5 6 7 8 |  8.4
Axes           | 3 4 5 6 8 9 |  9.1
Fighting       | 4 5 6 |  6.2
Dodging        | 1 2 |  2.5
Stealth        | 1 |  1.9

Action                   |  1- 3 |  4- 6 |  7- 9 || total
-------------------------+-------+-------+-------++-------
Melee: War axe           |    55 |   153 |   196 ||   404
       Headbutt          |     1 |    31 |    50 ||    82
Invok: Berserk           |       |       |     3 ||     3
  Use: Scroll            |     5 |     2 |     8 ||    15
       Potion            |     1 |       |    12 ||    13
  Eat: Chunk             |       |    10 |     8 ||    18
       Ration            |       |       |     2 ||     2
Armor: Scale mail        |    35 |    73 |       ||   108
       Chain mail        |       |     2 |    49 ||    51
       Plate armour      |       |       |    51 ||    51
Dodge: Dodged            |    30 |    39 |    55 ||   124
Block: Shield            |    33 |    95 |   138 ||   266
